[Event "Canarian Championship Seniors 2022"]
[Site "Brena Baja La Palma"]
[Date "2022.06.01"]
[Round "1.1"]
[White "Gutierrez Perez, Jose"]
[Black "Perez Aleman, Pedro Tomas"]
[Result "0-1"]
[ECO "D00"]
[WhiteElo "1918"]
[BlackElo "2047"]
[Annotator "TA"]
[PlyCount "96"]
[EventDate "2022.06.01"]
[EventType "swiss"]
[EventCountry "ESP"]
[SourceTitle "playchess.com"]
[Source "ChessBase"]
[SourceQuality "1"]
[TimeControl "5400+30"]

1. d4 d5 2. f4 Nf6 3. Nf3 Bf5 4. e3 e6 5. c3 Bd6 6. Bd3 {[%emt 0:02:41] D00: 1 d4 d5: Unusual lines.} Ne4 (6... O-O $15 {is more appropriate.}) 7. O-O $11 O-O 8. Qc2 {[%emt 0:00:17] The position is equal.} Nd7 {[%emt 0:04:56] [#]} 9. Nbd2 $146 ({Predecessor:} 9. b3 c5 10. Nfd2 Ndf6 11. Nxe4 Nxe4 12. Nd2 Nxd2 13. Bxd2 Bxd3 14. Qxd3 Rc8 15. Rae1 {0-1 (40) Bregoszewski,L (1876)-Kedzierski,S (2067) Kolobrzeg 2008}) 9... Ndf6 10. Ng5 Nxd2 11. Bxd2 h6 {[%emt 0:02:48] [#] And now ...Bxd3 would win.} 12. e4 Bg6 (12... Bxe4 $15 13. Nxe4 dxe4 14. Bxe4 c5) 13. e5 $14 hxg5 14. Bxg6 ({Of course not} 14. exd6 Bxd3 15. Qxd3 Qxd6 $11) (14. exf6 {keeps more tension.} Qxf6 15. fxg5 Bxd3 16. Qxd3 Qg6 17. Qxg6 fxg6 18. Rfe1) 14... fxg6 15. exf6 gxf4 16. Bxf4 {[%emt 0:01:04] aiming for Be5.} Bxf4 17. Rxf4 {[%emt 0:00:07] Raf1 is the strong threat.} Rxf6 18. Rxf6 Qxf6 $11 {[%emt 0:00:11][%mdl 4096] Endgame KQR-KQR} 19. Rf1 {[%emt 0:00:08] Against Qf5} Qg5 20. Qe2 Qe7 21. Qg4 g5 22. Re1 Re8 23. Re5 Qf7 24. Rxg5 Rf8 25. h3 Qf1+ 26. Kh2 Qf4+ $1 27. Qg3 Qxg3+ 28. Kxg3 {[%emt 0:05:45] KR-KR} Rf1 29. Re5 Kf7 30. Re2 Ke7 31. Kg4 b6 32. Kg5 c5 33. g4 cxd4 34. cxd4 Rd1 35. Rf2 $2 (35. Kg6 $11) 35... Rxd4 $19 36. Kg6 {[%emt 0:00:04] [#]} e5 $1 37. Kxg7 $2 (37. Rf7+ Kd6 38. Kxg7) 37... Rf4 38. Rg2 (38. Re2 $142 e4 39. Kh6) 38... e4 39. g5 e3 40. g6 Re4 41. Rg1 e2 42. Re1 d4 {[%emt 0:00:17] ( -> ...d3)} 43. h4 d3 {[%emt 0:00:16] Black mates.} 44. h5 d2 45. Rxe2 Rxe2 46. Kh8 d1=Q 47. h6 Rh2 48. h7 Qd8+ {[%emt 0:00:07] Weighted Error Value: White=0.63/Black=0.06 (flawless)} 0-1

[Event "Canarian Championship Seniors 2022"]
[Site "Brena Baja La Palma"]
[Date "2022.06.01"]
[Round "1.2"]
[White "Lopez Pereyra, Antonio"]
[Black "Martin Rodriguez, Jose Carlos"]
[Result "0-1"]
[ECO "B07"]
[WhiteElo "2025"]
[BlackElo "1703"]
[Annotator "TA"]
[PlyCount "78"]
[EventDate "2022.06.01"]
[EventType "swiss"]
[EventCountry "ESP"]
[SourceTitle "playchess.com"]
[Source "ChessBase"]
[SourceQuality "1"]
[TimeControl "5400+30"]

1. e4 d6 2. d4 Nf6 3. Nc3 g6 4. Be3 Bg7 5. f3 Nc6 6. Qd2 e5 7. Nge2 {[%emt 0:04:29][%cal Bg1e2,Be2g3,Bg3f5][%mdl 32] B07: Pirc Defence: Miscellaneous Systems.} a6 8. O-O-O h6 9. g4 {[%emt 0:16:40] White is better.} Nd7 10. d5 Na5 (10... Ne7 $16 {is a better defense.}) 11. Ng3 $18 b5 12. b3 Nb6 13. h4 {[%emt 0:02:15][%cal Bh2h4,Bh4h5][%mdl 32] [#]} Nb7 $146 ({Predecessor:} 13... Bd7 14. h5 g5 15. Nf5 Bf8 16. Ne2 Nb7 17. Neg3 f6 18. c3 Rc8 19. Kb1 a5 {1-0 (36) Mester,A (2122)-Kormos,A (2148) Budapest 2011}) 14. h5 g5 15. Nf5 Bf6 16. Qf2 Bd7 17. Nb1 b4 (17... Bxf5 $16 18. gxf5 O-O) 18. Nd2 (18. Qe1 $18) 18... Bb5 (18... a5 $16 19. Nc4 Nxc4 20. Bxc4 Kf8) 19. Kb1 Nd7 (19... Bd7 {was necessary.} 20. Nc4 Nxc4 21. Bxc4 a5) 20. Bc4 Ndc5 21. Rhe1 Bd7 22. f4 $2 ({White should try} 22. Rg1 $18) 22... gxf4 $17 23. Bxf4 (23. Bxc5 $17 {was worth a try.} Nxc5 24. Qe2) 23... exf4 $19 24. e5 dxe5 25. Qxf4 Nd6 (25... Kf8 $142 26. Rxe5 Bxe5 27. Qxe5 f6) 26. Rxe5+ Kf8 {[%emt 0:00:11] [#] And now ...Bxf5 would win.} 27. Nf3 $2 (27. Nxd6 {was the crucial defense.} cxd6 28. Re3) 27... Bxf5 {[%emt 0:02:17] Black is clearly winning.} 28. Rxf5 Nxf5 29. Qxf5 Qd6 30. Rf1 Re8 {[%emt 0:02:40] Hoping for ...Ne4.} 31. g5 hxg5 32. Nxg5 {[%emt 0:00:02] [#]} Rxh5 $1 33. Ne6+ Nxe6 34. Qxf6 Nd8 {[%emt 0:00:10] ...Qxf6 is the strong threat.} 35. Qf3 Rhe5 {[%emt 0:00:38] Threatens to win with ...Re1+.} 36. Qf2 {[%emt 0:00:41] Inhibits Re1+.} Qe7 {[%emt 0:00:35] White must now prevent ...Re1+.} 37. Kb2 Re1 {[%emt 0:00:31] ( -> ...Qe5+)} 38. Rxe1 Qxe1 39. Qc5+ Qe7 {[%emt 0:00:10] Weighted Error Value: White=0.69/Black=0.29 (precise)} 0-1

[Event "Canarian Championship Seniors 2022"]
[Site "Brena Baja La Palma"]
[Date "2022.06.01"]
[Round "1.3"]
[White "Gonzalez Ortega, Jose Miguel"]
[Black "Martin Luis, Cesar"]
[Result "0-1"]
[ECO "D03"]
[WhiteElo "1726"]
[BlackElo "2049"]
[Annotator "TA"]
[PlyCount "102"]
[EventDate "2022.06.01"]
[EventType "swiss"]
[EventCountry "ESP"]
[SourceTitle "playchess.com"]
[Source "ChessBase"]
[SourceQuality "1"]
[TimeControl "5400+30"]

1. d4 Nf6 2. Nf3 e6 3. Bg5 d5 4. e3 Be7 5. Bd3 c5 6. c3 {[%emt 0:00:27] D03: 1 d4 d5 2 Nf3 Nf6 3 Bg5, including Torre Attack with early ...d5.} Qb6 {[%emt 0:00:50] ...c4 is the strong threat.} 7. Qb3 {[%emt 0:01:12] [#]} Qc7 $146 {[%emt 0:11:00] aiming for ...c4.} ({Predecessor:} 7... c4 8. Qxb6 axb6 9. Bc2 Nc6 10. O-O O-O 11. Nbd2 b5 12. a3 Nd7 13. Bxe7 Nxe7 {1-0 (70) Dalkowski,R (1893)-Topola,R (1754) Szklarska Poreba 2020}) 8. Qd1 {[%emt 0:01:16] The position is equal.} O-O 9. O-O Nc6 10. Nbd2 e5 11. dxe5 Nxe5 12. Nxe5 Qxe5 13. Bf4 Qe6 14. Re1 Ne4 15. Bxe4 (15. f3 $11 Nxd2 16. Qxd2) 15... dxe4 $15 16. Qc2 f5 17. Qb3 Rd8 18. Red1 b6 19. Nc4 Bb7 {[%emt 0:01:08] Threatens to win with ...Bd5.} 20. Nd6 $2 (20. Ne5 Bd5 21. c4) ({White should play} 20. Na3 $15 Qf7 21. Qb5) 20... c4 $1 $19 ({Not} 20... Qxb3 21. axb3 Bxd6 22. Bxd6 $11) 21. Nxc4 Bd5 22. Rxd5 Qxd5 (22... Rxd5 $19 23. Bg3 Rad8) 23. h3 (23. Bc7 $17 {is a better defense.}) 23... Rac8 24. Nd2 a5 25. Be5 {[%emt 0:02:50] [#]} (25. a4 $142) 25... Qxb3 $1 26. Nxb3 {[%emt 0:00:16] [#]} a4 $1 27. Nd4 Rd5 28. Bf4 (28. f4 exf3 29. Nxf3) (28. f4 {was worth a try.} exf3 29. Nxf3) 28... a3 29. bxa3 Rxc3 30. a4 Bc5 31. Ne6 Rc2 32. Nxc5 Rdxc5 {[%emt 0:00:28][%mdl 4096] Endgame KRR-KRB} (32... Rcxc5 33. Rb1) ({But not} 32... Rcxc5 $2 33. Rb1 $19) 33. Bd6 $2 (33. Bb8) 33... Rc1+ 34. Rxc1 Rxc1+ {[%emt 0:00:07] KR-KB} 35. Kh2 Rc4 36. a3 Rxa4 37. Kg3 Kf7 38. Kf4 Ke6 39. Bf8 Ra7 40. Bb4 b5 41. Bc5 (41. f3 $142 exf3 42. gxf3) 41... Rc7 42. Bb4 Rc2 43. Kg3 g5 44. f3 h5 {[%emt 0:01:58][%cal Bh7h5,Bh5h4][%mdl 32] ( -> ...h4+)} 45. fxe4 h4+ 46. Kh2 fxe4 47. Kg1 Rb2 48. Kf1 {[%emt 0:01:31] [#]} Rxb4 $1 49. axb4 Kd5 50. Kf2 Kc4 51. g3 Kxb4 {[%emt 0:00:06] Weighted Error Value: White=1.07/Black=0.16 (very precise)} 0-1

[Event "Canarian Championship Seniors 2022"]
[Site "Brena Baja La Palma"]
[Date "2022.06.01"]
[Round "1.4"]
[White "Machin Arbelo, Pedro Alexis"]
[Black "Macias Reyes, Jose Luis"]
[Result "1-0"]
[ECO "A06"]
[WhiteElo "1975"]
[BlackElo "1532"]
[Annotator "TA"]
[PlyCount "71"]
[EventDate "2022.06.01"]
[EventType "swiss"]
[EventCountry "ESP"]
[SourceTitle "playchess.com"]
[Source "ChessBase"]
[SourceQuality "1"]
[TimeControl "5400+30"]

1. c3 d5 2. Nf3 Nf6 3. g3 c6 4. Bg2 Bf5 5. O-O e6 6. d3 {[%emt 0:02:34] [#] A06: Réti Opening: 1 Nf3 d5.} Qc7 $146 ({Predecessor:} 6... h6 7. Qb3 Qc8 8. c4 Be7 9. cxd5 exd5 10. e4 dxe4 11. Nd4 Bg6 12. dxe4 O-O {1-0 (42) Herrera Reyes,J (2319)-Jobava,B (2582) Chess.com INT 2021}) 7. Bf4 Qb6 (7... Bd6 $11 {was preferrable.}) 8. Qc2 {[%emt 0:09:47] White is slightly better.} h6 9. Nbd2 (9. c4 $5 ) 9... Nbd7 10. e4 dxe4 (10... Bh7 $11 {keeps the balance.}) 11. dxe4 $16 Bh7 12. Ne5 $36 {[%emt 0:05:43][%mdl 2048] White has the initiative.} Nxe5 13. Bxe5 Be7 (13... Nd7 $14 14. Bf4 e5) 14. Nc4 Qc5 15. Qe2 {[%emt 0:10:07] [#] aiming for b4.} b5 16. Bxf6 {[%emt 0:07:00] White is more active.} Bxf6 17. e5 Be7 {[%emt 0:05:47][%mdl 8192] Black is now going downhill.} (17... bxc4 $14 18. exf6 gxf6) 18. b4 $18 Qxc4 19. Qxc4 {[%emt 0:00:10][%mdl 64] [#] Remove Defender} bxc4 20. Bxc6+ Kd8 {[%emt 0:00:16] And now ...Rc8 would win.} 21. Bxa8 Kc7 22. Bg2 f6 23. f4 fxe5 (23... Bd3 $142 24. Rf2 a5) 24. fxe5 Bg5 25. Rf7+ Kb6 26. Rb7+ Ka6 27. Rxg7 {[%emt 0:02:29] Hoping for a4.} Bd2 28. Rd1 Be3+ 29. Kh1 {[%emt 0:00:07] White threatens Rd6+ and mate.} Bd3 30. Bf1 Be4+ $1 31. Bg2 Bd3 {[%emt 0:00:08] A strong pair of Bishops.} 32. h3 {[%emt 0:00:22] White is clearly winning.} Rf8 33. Re7 Rg8 34. Rxe6+ Kb5 35. Bc6+ Kb6 36. Be4+ {[%emt 0:00:00] Weighted Error Value: White=0.49/Black=0.70} 1-0

[Event "Canarian Championship Seniors 2022"]
[Site "Brena Baja La Palma"]
[Date "2022.06.02"]
[Round "2.1"]
[White "Perez Aleman, Pedro Tomas"]
[Black "Machin Arbelo, Pedro Alexis"]
[Result "1-0"]
[ECO "D02"]
[WhiteElo "2047"]
[BlackElo "1975"]
[Annotator "TA"]
[PlyCount "91"]
[EventDate "2022.06.01"]
[EventType "swiss"]
[EventCountry "ESP"]
[SourceTitle "playchess.com"]
[Source "ChessBase"]
[SourceQuality "1"]
[TimeControl "5400+30"]

1. d4 d5 2. Bf4 Nf6 3. e3 e6 4. Nd2 Bd6 5. Bg3 c5 6. c3 Nc6 7. Ngf3 O-O 8. Bd3 Re8 9. Ne5 Bxe5 10. dxe5 Nd7 {[%emt 0:00:13] D02: 1 d4 d5 2 Nf3 sidelines, including 2...Nf6 3 g3 and 2...Nf6 3 Bf4.} 11. f4 (11. Qh5 g6 12. Qd1 Ncxe5 $17) 11... c4 12. Bxh7+ Kxh7 $19 {[%emt 0:02:03] [#] Black is clearly better.} 13. Nf3 $146 ({Predecessor:} 13. Qh5+ Kg8 14. Nf3 Nf8 15. O-O b5 16. Bh4 Qb6 17. Nd4 b4 18. Rf3 Ng6 19. Rg3 Nxd4 20. exd4 bxc3 21. bxc3 {½-½ (28) Gardian,A (1723)-Piekielny,P (2099) Wroclaw 2020}) 13... Rh8 14. h4 Nc5 15. h5 Kg8 16. h6 Qb6 17. h7+ Kf8 $1 (17... Rxh7 18. Rxh7 Ne4 19. Rh3 Qxb2 20. Ng5 Qxc3+ 21. Ke2 Nxg5 22. fxg5 $17) 18. Rb1 Bd7 (18... Ne4 $2 19. Bf2 $19) 19. Bf2 Ne7 20. g4 (20. Rh2 $142) 20... Ng6 21. Nd4 Ke7 22. b3 cxb3 23. Nxb3 Ne4 24. Nd4 Qc7 25. Qb3 b6 26. Qb4+ Qc5 27. Ne2 Qxb4 28. cxb4 Nf8 29. Rc1 Rc8 30. Rxc8 Bxc8 31. Nd4 Nxf2 32. Kxf2 Rxh7 33. Rc1 Bd7 34. Kg3 Rh8 35. Rc7 Ng6 36. Rxa7 {[%emt 0:00:30] Strongly threatening Nc6+.} Rc8 {[%emt 0:00:19] Against Nc6+} 37. b5 f6 38. f5 {[%emt 0:00:41] And now Nc6+ would win.} Ke8 $4 39. fxg6 $2 (39. exf6 $18 gxf6 40. fxg6) 39... fxe5 $18 {[%emt 0:00:02][%mdl 4096] Endgame KRB-KRN} 40. Nf3 {[%emt 0:00:22] White is more active.} Rc3 41. Kf2 (41. Nxe5 $6 Rxe3+ 42. Nf3 Bxb5 $11) ({White should try} 41. a4 $1 $14 Rxe3 42. Kf2) 41... Rc2+ ({Don't play} 41... Bxb5 42. Nxe5 Rc2+ 43. Kg3 $16) (41... d4 $1 $11 {keeps the balance.} 42. a4 (42. Nxe5 $2 dxe3+ 43. Kf3 Bxb5 $19) (42. exd4 e4 $11) 42... dxe3+ 43. Ke2 Ra3) 42. Ke1 $1 $16 {[%emt 0:00:28] Hoping for Kd1.} Bxb5 (42... d4 $142) 43. Rxg7 Re2+ 44. Kd1 Rxe3 $2 {[%emt 0:00:18][%mdl 8192] [#]} (44... Rg2 $16 {is more resistant.}) 45. Ng5 $2 (45. Ra7 $1 $18 {White wants to mate with g7.} Rd3+ 46. Ke1 Re3+ 47. Kf2 Rxf3+ 48. Kxf3) 45... Rg3 $2 {[%emt 0:01:10][%mdl 8192] [#]} (45... Bd3 $1 $14) 46. Nh7 $1 {[%emt 0:00:53] Weighted Error Value: White=0.70/Black=0.55} 1-0

[Event "Canarian Championship Seniors 2022"]
[Site "Brena Baja La Palma"]
[Date "2022.06.02"]
[Round "2.2"]
[White "Martin Luis, Cesar"]
[Black "Camino Carrio, Nicanor"]
[Result "1-0"]
[ECO "E94"]
[WhiteElo "2049"]
[BlackElo "1945"]
[Annotator "TA"]
[PlyCount "91"]
[EventDate "2022.06.01"]
[EventType "swiss"]
[EventCountry "ESP"]
[SourceTitle "playchess.com"]
[Source "ChessBase"]
[SourceQuality "1"]
[TimeControl "5400+30"]

1. d4 Nf6 2. c4 g6 3. Nc3 Bg7 4. e4 d6 5. Nf3 O-O 6. Be2 Nbd7 7. O-O e5 8. Be3 c6 9. d5 c5 10. Nd2 (10. h3) 10... Qe7 {[%emt 0:01:11] E94: King's Indian: Classical: 6 Be2 e5 7 0-0: Various Black 7th moves.} 11. a3 Ne8 12. Bd3 {[%emt 0:07:45] [#]} Bf6 $146 {[%emt 0:09:48] White is slightly better.} ({Predecessor:} 12... f5 13. f4 exf4 14. Bxf4 Bd4+ 15. Kh1 g5 16. Bg3 f4 17. Bf2 Bxf2 18. Rxf2 Ne5 19. Be2 g4 20. Qf1 Qg5 {0-1 (34) Wang,A (2169)-Kavutskiy,K (2377) Las Vegas 2016}) 13. Bh6 {[%emt 0:14:17] White is more active.} (13. Nf3) (13. Nf3 $16) 13... Bg7 $14 14. Be3 (14. Bxg7 Kxg7 15. Re1) (14. Bxg7 $14 Kxg7 15. Re1) 14... Kh8 (14... Bf6 $1 $11 {remains equal.}) 15. Qc2 Ndf6 16. Be2 Ng4 17. Bxg4 Bxg4 18. b4 b6 $1 19. bxc5 dxc5 {[%emt 0:02:34] [#]} (19... bxc5 $14 20. Rfb1 Bc8) 20. a4 $1 $16 Nd6 21. a5 Bd7 (21... Qc7) (21... Rab8 $16) 22. axb6 (22. Rfb1) (22. Rfb1 $18) 22... axb6 23. Rxa8 ({White should play} 23. Qb3 $16) 23... Rxa8 $11 24. Qb2 Qd8 25. Ra1 Rb8 26. Rb1 {[%emt 0:00:47][%cal Oe3c5] Black must now prevent Bxc5!} Rb7 27. Qa3 h6 28. Qa6 Qb8 29. h3 f5 30. f3 f4 31. Bf2 Bf6 $2 {[%emt 0:00:07][%mdl 8192] [#] White leaves nothing to chance now.} (31... Qc7 $11) 32. Bxc5 $1 $18 Nc8 {[%emt 0:05:47] ...Ra7 is the strong threat.} 33. Nb5 {[%emt 0:00:24] Prevents Ra7.} Bh4 34. Bf2 Bg3 (34... Bxf2+ 35. Kxf2 Kh7) 35. Bxg3 fxg3 36. Nf1 Bxb5 37. Qxb5 (37. cxb5 Ra7 38. Nxg3 Rxa6 39. bxa6 b5) ({Not} 37. cxb5 $2 Ra7 38. Nxg3 Rxa6 39. bxa6 b5 $19) 37... Na7 38. Qb4 Qd8 39. c5 b5 40. Nxg3 Qg5 41. Nf1 Rf7 42. Qc3 Kh7 43. c6 Nc8 44. Qc5 Rxf3 45. d6 {[%emt 0:00:18][%cal Bd5d6,Bd6d7][%mdl 32] And now d7 would win.} Rxh3 46. d7 {[%emt 0:01:11] Weighted Error Value: White=0.18 (very precise) /Black=0.72} 1-0

[Event "Canarian Championship Seniors 2022"]
[Site "Brena Baja La Palma"]
[Date "2022.06.02"]
[Round "2.3"]
[White "Martin Rodriguez, Jose Carlos"]
[Black "Haertl, Siegfried"]
[Result "1-0"]
[ECO "D02"]
[WhiteElo "1703"]
[BlackElo "1932"]
[Annotator "TA"]
[PlyCount "61"]
[EventDate "2022.06.01"]
[EventType "swiss"]
[EventCountry "ESP"]
[SourceTitle "playchess.com"]
[Source "ChessBase"]
[SourceQuality "1"]
[TimeControl "5400+30"]

1. d4 d5 2. Nf3 Nf6 3. g3 Bf5 4. Bg2 e6 5. O-O c5 6. c3 {[%emt 0:00:44] D02: 1 d4 d5 2 Nf3 sidelines, including 2...Nf6 3 g3 and 2...Nf6 3 Bf4.} ({White should try} 6. c4 $14) 6... Nc6 $11 7. Bg5 Be7 {[%emt 0:00:34] [#]} 8. e3 $146 {[%emt 0:01:36] The position is equal.} ({Predecessor:} 8. Nbd2 O-O 9. Nh4 Bg4 10. h3 Bh5 11. g4 Bg6 12. Nxg6 hxg6 13. e3 c4 14. Qe2 {1-0 (35) Mihir Lal,D (1880)-Md Masum,H (2116) Dhaka 2017}) 8... Ne4 9. Bxe7 Qxe7 10. Nbd2 Bg4 11. h3 Bh5 12. g4 Bg6 13. Ne5 cxd4 (13... Nxe5 $11 14. Nxe4 (14. dxe5 Nxd2 15. Qxd2 h5 $17) 14... Bxe4 15. Bxe4 Nc6) 14. Nxc6 $14 ({Of course not} 14. cxd4 $6 Nxe5 15. dxe5 Nxd2 16. Qxd2 h5 $11) 14... bxc6 15. Nxe4 ({Reject} 15. exd4 Nxd2 16. Qxd2 h5 $11) 15... dxe4 16. Qxd4 f5 17. Qe5 Rd8 18. Rad1 {[%emt 0:00:23] Threatens to win with Rxd8+.} Kf7 19. f3 Rd5 {[%emt 0:03:37] [#]} ({Better is} 19... Rxd1 $14 20. Rxd1 Rd8 21. Rxd8 Qxd8) 20. Rxd5 $1 $16 exd5 21. Qd4 {[%emt 0:02:08] fxe4 is the strong threat.} Ke8 (21... Rd8 $16) 22. fxe4 $18 fxe4 23. c4 dxc4 (23... Rf8 {was called for.} 24. cxd5 Rxf1+ 25. Bxf1 cxd5 26. Qxd5 Kf8) 24. Qxc4 Kd7 25. Qa6 Qc5 $2 (25... Rd8 26. Qxa7+ Ke8) 26. Qb7+ Ke6 27. Qxg7 {[%emt 0:00:08] [#] White threatens Rf6+ and mate.} Qxe3+ (27... Qe5 28. Qxa7 Qd6) (27... Qe5 $142 28. Qxa7 Qd6) 28. Kh1 {[%emt 0:00:11] Threatening mate with Rf6+.} Re8 29. Rf6+ {[%emt 0:02:25] White mates.} Kd5 30. Qd7+ Kc4 31. Rxc6+ {[%emt 0:00:02] Weighted Error Value: White=0.15 (very precise) /Black=0.73} 1-0

[Event "Canarian Championship Seniors 2022"]
[Site "Brena Baja La Palma"]
[Date "2022.06.02"]
[Round "2.4"]
[White "Gonzalez Ortega, Jose Miguel"]
[Black "Lopez Pereyra, Antonio"]
[Result "0-1"]
[ECO "A80"]
[WhiteElo "1726"]
[BlackElo "2025"]
[Annotator "TA"]
[PlyCount "110"]
[EventDate "2022.06.01"]
[EventType "swiss"]
[EventCountry "ESP"]
[SourceTitle "playchess.com"]
[Source "ChessBase"]
[SourceQuality "1"]
[TimeControl "5400+30"]

1. d4 e6 2. e3 f5 3. f4 Nf6 4. Nf3 b6 5. Bd3 Bb7 6. Nbd2 {[%emt 0:00:28] A80: Dutch Defence: Unusual White second moves.} c5 7. c3 cxd4 8. exd4 {[%emt 0:00:17] [#]} Be7 $146 ({Predecessor:} 8... Qc7 9. Nc4 Be7 10. Qe2 O-O 11. Bd2 Be4 12. O-O-O Rc8 13. Ne3 Bxd3 14. Qxd3 Ne4 {1-0 (25) Stock,J (1972)-Hock,G (2031) Hofheim 2017}) 9. O-O O-O 10. Qe2 Nc6 11. Ne5 Nxe5 12. fxe5 Nd5 13. Nc4 Kh8 14. Ne3 Nxe3 15. Bxe3 Qc8 16. Rad1 Rf7 17. Bc4 g5 18. d5 Bc5 {[%emt 0:00:44] ...Bxe3+ is the strong threat.} 19. dxe6 dxe6 {[%emt 0:00:25] White must now prevent ...Bxe3+.} 20. Bxc5 Qxc5+ 21. Kh1 Re8 22. Rd6 f4 (22... Be4 $5 ) 23. b4 $1 (23. Bxe6 Rfe7 24. b4 Qxc3 $17) 23... Qc8 {[%emt 0:00:06][%cal Of4f3] aiming for ...f3!} 24. Kg1 (24. Qd3 $5 ) 24... g4 $2 (24... Rc7 $11 25. Bb3 Ba6) 25. Qd3 $1 $18 {[%emt 0:02:19][%cal Oc4e6] And now Bxe6! would win.} Kg7 (25... Bd5 {was worth a try.} 26. Bxd5 exd5) 26. Bb5 ({Don't do} 26. Qd4 $6 f3 27. Qxg4+ Kh8 $16) 26... Ree7 {[%emt 0:04:10] Prevents Bd7.} (26... Ref8 {is a better defense.} 27. Rf2 Qc7) 27. Qc4 $2 ({Less strong is} 27. Rd8 Qc7 $16) (27. Qd2 $18) 27... Rc7 (27... Qxc4 $14 28. Bxc4 Bd5 29. Bxd5 exd5) 28. Qxe6 $2 (28. Qe2 $1 $16 ) 28... Qxe6 $11 29. Rxe6 Rxc3 30. Be8 (30. Rd6 $1 $11) 30... Rc2 $36 {[%emt 0:01:23][%csl LRa2,LRg2][%mdl 2048] Black is on the roll.} 31. Rf2 Rc1+ 32. Rf1 Rxf1+ 33. Kxf1 {[%emt 0:00:12][%mdl 4096] Endgame KRB-KRB} Rc7 {[%emt 0:00:11] Threatens to win with ...Rc1+.} 34. Rf6 f3 ({Black should try} 34... g3 $17 35. hxg3 fxg3) 35. gxf3 $11 Bxf3 36. h3 $2 (36. Rf4 $11 {and White has nothing to worry.}) 36... Re7 37. hxg4 $2 (37. Ba4 $17) 37... Bxg4 $2 ({Worse is} 37... Rxe8 38. Rxf3 Rxe5 39. Kf2 $11) (37... Be2+ $1 $19 {has better winning chances.} 38. Kf2 Rxe8) 38. Ba4 $17 Rxe5 39. Rd6 h5 40. Bd7 Be2+ 41. Kf2 Bc4 42. a4 {[%emt 0:01:24] [#]} Rg5 $2 (42... Rd5 $1 $19 43. Rxd5 Bxd5) 43. Bc6 (43. Be6 $11 Bxe6 44. Rxe6) 43... Rf5+ $15 44. Kg3 {[%emt 0:00:26] [#]} Rf6 (44... Bb3 $1 $17) 45. Rd7+ $11 Kh6 46. Be4 (46. Bd5 $11 Rg6+ 47. Kh2 Bxd5 48. Rxd5) 46... Rf7 ({Black should play} 46... h4+ $1 $17 47. Kxh4 Rf4+ 48. Kg3 Rxe4 49. Rxa7 Kg5) 47. Rd6+ {[%emt 0:00:28] The position is equal.} Kg7 48. Bd5 Bxd5 49. Rxd5 {[%emt 0:00:09] KR-KR} Kg6 50. a5 bxa5 (50... Rf5 $5 51. Rd6+ Rf6 $11) 51. Rxa5 Rb7 52. b5 Kh6 53. Kh4 Kg6 54. Ra6+ Kf5 55. Kxh5 Rh7+ {[%emt 0:01:19][%mdl 32768] Never resign too early!  Weighted Error Value: White=0.40/Black=0.41. Loss on time!?} 0-1

[Event "Canarian Championship Seniors 2022"]
[Site "Brena Baja La Palma"]
[Date "2022.06.02"]
[Round "3.1"]
[White "Martin Rodriguez, Jose Carlos"]
[Black "Perez Aleman, Pedro Tomas"]
[Result "1-0"]
[ECO "D30"]
[WhiteElo "1703"]
[BlackElo "2047"]
[Annotator "TA"]
[PlyCount "91"]
[EventDate "2022.06.01"]
[EventType "swiss"]
[EventCountry "ESP"]
[SourceTitle "playchess.com"]
[Source "ChessBase"]
[SourceQuality "1"]
[TimeControl "5400+30"]

1. c4 e6 2. Nf3 d5 3. g3 Nf6 4. Bg2 c5 5. cxd5 exd5 6. d4 Nc6 7. O-O cxd4 8. Nxd4 Bc5 {[%emt 0:00:26] [#] is the new trend.} (8... Be7 $14) 9. Nxc6 $1 $16 {[%emt 0:00:19] D30: Queen's Gambit Declined: Systems without Nc3.} bxc6 {[%emt 0:01:16] [#]} 10. Qc2 $1 {[%emt 0:00:34] Prevents Bf5.} Qb6 11. Nc3 {[%emt 0:01:16] Black must now prevent Na4. White is better.} Ng4 (11... Bd4 $16) 12. e3 (12. e4 $18 {is the precise move to win.}) 12... Bd6 {[%emt 0:02:24] [#]} 13. Na4 $146 (13. e4 O-O 14. exd5 Ba6 15. Na4 Qa5 16. Bd2 Qb5 17. dxc6 Qh5 18. h3 Bxf1 19. hxg4 Qxg4 20. Kxf1) ({Predecessor:} 13. e4 O-O 14. exd5 Ba6 15. Na4 Qa5 16. Bd2 Qb5 17. dxc6 Qh5 18. h3 Bxf1 19. hxg4 Qxg4 20. Kxf1 {1-0 (40) Saumanaite,S (2033)-Plutaite,A (1400) Vilnius 2020}) 13... Qc7 14. Bd2 O-O 15. Rac1 Ne5 16. Bc3 Bd7 17. b3 Rac8 18. Rfd1 ({Better is} 18. Bd4 $14) 18... Bg4 $11 19. Bxe5 Bxd1 $4 {[%emt 0:01:58][%mdl 8192] This move loses the game for Black.} (19... Bxe5 $11 {and Black stays safe.} 20. Rd2 Rfe8) 20. Bxd6 $18 {[%emt 0:00:47] Qc5 is the strong threat.} Bxc2 21. Bxc7 {[%emt 0:00:07] A strong pair of Bishops.} Bxb3 22. axb3 Rxc7 23. Bxd5 Rfc8 24. Bc4 c5 25. Rd1 Kf8 26. Rd5 Ke7 27. Nc3 Rd8 28. Rh5 h6 (28... Kf8 $142 29. Rxh7 Kg8) 29. Nd5+ Rxd5 30. Rxd5 {[%emt 0:00:03][%mdl 4096] Endgame KRB-KR} Rc6 31. Kg2 Rc7 32. e4 Rc6 33. e5 Rc7 34. f4 Rc6 35. Kf3 Rc7 36. g4 Rc6 37. h4 Rc7 38. f5 {[%emt 0:00:02] aiming for g5.} a5 39. g5 {[%emt 0:00:05] White mates.} hxg5 40. hxg5 f6 41. exf6+ gxf6 42. g6 Kf8 43. Rd8+ Kg7 44. Ra8 Kh6 45. Kf4 Rd7 46. Rh8+ {[%emt 0:00:14] Weighted Error Value: White=0.14 (very precise) /Black=0.44} 1-0